 Dungeon Crawl Stone Soup version 0.20.0-8-g6b59dc7 (webtiles) character file.

1097356 grindst0ne the Invulnerable (level 27, -4/199 HPs)
             Began as a Gargoyle Fighter on June 1, 2017.
             Was the Champion of Zin.
             Killed from afar by a Hell Sentinel (54 damage)
             ... with damnation
             ... in Pandemonium on June 2, 2017.
             The game lasted 08:47:50 (121762 turns).

grindst0ne the Invulnerable (Gargoyle Fighter)    Turns: 121762, Time: 08:47:50

Health: -4/199     AC: 71    Str: 23    XL:     27
Magic:  40/40      EV: 33    Int: 19    God:    Zin [******]
Gold:   5708       SH: 21    Dex: 28    Spells: 26/26 levels left

rFire    + + +     SeeInvis .   q - +8 broad axe "Kewy" {holy, rN+}
rCold    + + .     Gourm    .   P - +5 shield {rC+ rF+}
rNeg     + + +     Faith    .   u - +13 plate armour of the Vacuum {rPois rN+ Int+6}
rPois    ∞         Spirit   .   C - +4 hat of Luohucza {Int+3 Stlth+}
rElec    +         Reflect  .   c - scarf {rC+ rF+}
rCorr    .         Harm     .   Y - +5 pair of gloves of the Onion {rN+}
MR       ++++.     Clarity  +   V - +2 pair of boots {run}
Stlth    ..........             r - amulet of the Four Winds {rN+ MR+++ Clar}
Regen    0.5/turn               J - ring of Oseid {rF+ rN+ Slay+5}
MPRegen  0.3/turn               o - ring of Xom's Bemusement {MR- EV+2 Dex+10}

@: reciting, flying, quick
A: big wings, blurry vision 1, deterioration 1, negative energy resistance 1,
electricity resistance, unbreathing, petrification resistance, rot immunity, AC
+20
}: 9/15 runes: decaying, slimy, silver, iron, obsidian, icy, bone, abyssal,
gossamer
a: Stop Flying, Recite, Vitalisation, Imprison, Sanctuary, Donate Gold, Renounce
Religion


You were in Pandemonium.
You worshipped Zin.
Zin was exalted by your worship.
You were not hungry.

You visited 16 branches of the dungeon, and saw 86 of its levels.
You visited Pandemonium 1 time, and saw 1 of its levels.
You visited the Abyss 2 times.
You visited 1 bazaar.
You also visited: Labyrinth, Ossuary and Ice Cave.

You collected 16254 gold pieces.
You spent 5057 gold pieces at shops.
You donated 5489 gold pieces to Zin.

Inventory:

Hand Weapons
 q - the +8 broad axe "Kewy" (weapon) {holy, rN+}
   (Okawaru gifted it to you on level 1 of the Lair of Beasts)

   It has been blessed by the Shining One to cause great damage to the undead
   and demons.
   It protects you from negative energy.
Armour
 b - the +6 chain mail "Faump" {*Drain rC+++ Str+4 Dex+2 Stlth+}
   (You bought it in a shop on level 2 of the Orcish Mines)

   It affects your strength (+4).
   It affects your dexterity (+2).
   It renders you almost immune to cold.
   It causes draining when unequipped.
   It makes you more stealthy.
 c - a scarf of resistance (worn)
 k - the -1 pair of gloves of the Falcon {+Blink +Fly rF+ Dex-3}
   (You found it on level 7 of Tartarus)

   It affects your dexterity (-3).
   It protects you from fire.
   It lets you fly.
   It lets you blink.
 u - the +13 plate armour of the Vacuum (worn) {rPois rN+ Int+6}
   (You found it on level 3 of the Depths)

   It affects your intelligence (+6).
   It protects you from poison.
   It protects you from negative energy.
 C - the +4 hat of Luohucza (worn) {Int+3 Stlth+}
   (Okawaru gifted it to you on level 2 of the Lair of Beasts)

   It affects your intelligence (+3).
   It makes you more stealthy.
 G - the scarf of the Lumpy Princes {MR+ rCorr}
   (Okawaru gifted it to you on level 3 of the Vaults)

   It affects your resistance to hostile enchantments.
   It protects you from acid and corrosion.
 L - the +18 shield of the Gong {rElec rN+ MR+ EV-5}
   (You bought it in a shop on level 4 of the Depths)

   It affects your evasion (-5).
   It insulates you from electricity.
   It protects you from negative energy.
   It affects your resistance to hostile enchantments.
 P - a +5 shield of resistance (worn)
 V - a +2 pair of boots of running (worn)
 Y - the +5 pair of gloves of the Onion (worn) {rN+}
   (Okawaru gifted it to you on level 2 of the Vaults)

   It protects you from negative energy.
Jewellery
 a - the ring of Giaweona {rF+ Int+2}
   (You acquired it on level 6 of the Lair of Beasts)

   [ring of protection from fire]

   It affects your intelligence (+2).
   It protects you from fire.
 o - the ring of Xom's Bemusement (right hand) {MR- EV+2 Dex+10}
   (You took it off a fire giant on level 3 of the Depths)

   [ring of evasion]

   It affects your evasion (+2).
   It affects your dexterity (+10).
   It affects your resistance to hostile enchantments.
 r - the amulet of the Four Winds (around neck) {rN+ MR+++ Clar}
   (You took it off a deep elf elementalist on level 3 of the Elven Halls)

   [amulet of nothing]

   It protects you from negative energy.
   It affects your resistance to hostile enchantments.
   It protects you against confusion.
 A - the amulet "Miukk" {Reflect Slay+3 SH+4}
   (You found it on level 7 of the Iron City of Dis)

   [amulet of reflection]

   It shields you and reflects attacks.
   It affects your accuracy and damage with ranged weapons and melee attacks
   (+3).
   It affects your SH (+4).
 J - the ring of Oseid (left hand) {rF+ rN+ Slay+5}
   (You found it on level 5 of the Vaults)

   [ring of slaying]

   It affects your accuracy and damage with ranged weapons and melee attacks
   (+5).
   It protects you from fire.
   It protects you from negative energy.
Wands
 g - a wand of disintegration (17/24)
 s - a wand of scattershot (3/9)
 w - a wand of digging (19/24)
 E - a wand of confusion (17/48)
 H - a wand of enslavement (7/24)
 R - a wand of acid (0/15)
 U - a wand of disintegration (17/24)
Scrolls
 i - a scroll of magic mapping
 j - 14 scrolls of enchant weapon
 m - 22 scrolls of remove curse
 n - 2 scrolls of enchant armour
 v - 7 scrolls of fog
 y - 7 scrolls of fear
 B - 2 scrolls of holy word
 F - 17 scrolls of teleportation
 N - 4 scrolls of summoning
 Q - 4 scrolls of blinking
 S - 4 scrolls of silence
Potions
 d - 3 potions of might
 e - 8 potions of curing
 h - 9 potions of haste
 p - 8 potions of heal wounds
 x - 4 potions of ambrosia
 K - 5 potions of agility
 M - 3 potions of cancellation
 O - 8 potions of resistance
 X - 6 potions of berserk rage
Miscellaneous
 l - a lamp of fire
 t - 5 phantom mirrors
 z - a fan of gales
 Z - a lightning rod (4/4)
Comestibles
 f - 14 bread rations
 D - 7 meat rations
 I - 80 fruits
 W - 44 royal jellies


   Skills:
 O Level 27 Fighting
 + Level 25.2 Axes
   Level 2.0(18.8) Maces & Flails
 O Level 27 Armour
 O Level 27 Dodging
 - Level 15.0 Shields
 O Level 27 Invocations
 - Level 11.6 Evocations


You had 26 spell levels left.
You didn't know any spells.

Dungeon Overview and Level Annotations

Branches:
Dungeon (15/15)            Temple (0/1) D:6            Lair (6/6) D:8
  Swamp (4/4) Lair:2       Spider (4/4) Lair:3        Slime (5/5) Lair:5
    Orc (2/2) D:10            Elf (3/3) Orc:2        Vaults (5/5) D:13
  Crypt (3/3) Vaults:3       Tomb (0/3) Crypt:3      Depths (5/5) D:15
   Hell (1/1)                 Dis (7/7) Hell            Geh (7/7) Hell
    Coc (7/7) Hell            Tar (7/7) Hell            Zot (5/5) Depths:5

Altars:
Ashenzari
Elyvilon
Fedhas
Gozag
Kikubaaqudgha
Nemelex Xobeh
Okawaru
Ru
Trog
Vehumet
Yredelemnul
Zin
Beogh
Jiyva

Shops:
D:5 [   D:9 (:[   Orc:1 (   Orc:2 }([*   Elf:1 %   Elf:2 [   Elf:3 (
Vaults:4 %   Depths:4 ([

Portals:
Hell: Depths:1 Depths:2 Depths:3 Depths:4 Depths:5
Abyss: Depths:4 Depths:5
Pandemonium: Depths:3
Ziggurat: Depths:4

Annotations:
Elf:2 1 runed door


Innate Abilities, Weirdness & Mutations

You are resistant to torment.
Your stone body is resilient. (AC +20)
You are immune to poison.
Your large and strong wings let you fly indefinitely.
You resist negative energy. (rN+)
You are resistant to electric shocks. (rElec)
You can survive without breathing.
You are immune to petrification.
You are immune to rotting.
Scrolls take you a little longer to read.
Your body sometimes deteriorates upon taking damage.


Message History

The Hell Sentinel gestures at you. The iron shot misses you.
You slash the Hell Sentinel!
The Hell Sentinel convulses!!
You kill the Hell Sentinel!
You start resting.
Your divine stamina fades away.
You start resting.
Really read with blurry vision while enemies are nearby?
Xavveib shouts, "Embrace thy failure, thou pox-marked clay-brained ratsbane!"
You begin reading the scroll.
You continue reading the scroll.
As you read the scroll of teleportation, it crumbles to dust.
You feel strangely unstable.
Your surroundings suddenly seem different.
A Hell Sentinel comes into view.
You clear your throat and prepare to recite. "It was the word of Zin that there would not be doubt..."
You hear a trumpeting!
The Hell Sentinel gestures at you.
The sphere of damnation explodes!
The damnation engulfs you!
You die...

.................(......#
...............)..(...&.#
..........).).........1.#
###...#########...####### #.)(#
#...# #...#
###...#########...#######
................@.......#
.........................
........................
#................#####.
#..........1.....#
#................#
#................# .
#................# ..
###................###########...


You could see a Hell Sentinel.

Vanquished Creatures
  Antaeus (Coc:7)
  Dissolution (Slime:2)
  Asmodeus (Geh:7)
  Ereshkigal (Tar:7)
  the Royal Jelly (Slime:5)
  Dispater (Dis:7)
  Tiamat (Zot:4)
  5 ancient liches
  4 orbs of fire (Zot:5)
  3 juggernauts
  Mennas (Vaults:4)
  Bai Suzhen (Spider:2)
  Frederick (Vaults:3)
  Saint Roka (Orc:2)
  12 shard shrikes
  4 Killer Klowns
  2 caustic shrikes
  Geryon (Hell)
  Margery (Depths:4)
  2 curse toes
  13 bone dragons
  the Enchantress (Depths:2)
  Jory (Depths:5)
  Arachne (Spider:3)
  10 golden dragons
  21 Tzitzimimeh
  A hellephant (Coc:7)
  5 iron giants (Dis:7)
  Jorgrun (Vaults:1)
  13 Brimstone Fiends
  8 liches
  6 doom hounds
  14 tentacled monstrosities
  Rupert (Lair:3)
  5 electric golems
  15 Ice Fiends
  15 Hell Sentinels
  7 deep elf blademasters
  8 deep elf master archers
  25 Orb Guardians
  28 acid blobs
  6 eldritch tentacles
  2 tentacled starspawn
  4 death cobs
  18 titans
  6 quicksilver dragons
  Murray (Hell)
  3 Executioners
  Kirke (Lair:5)
  10 sphinxes
  8 ancient champions
  5 draconian monks
  18 shadow dragons
  14 storm dragons
  3 revenants
  4 thorn hunters
  5 tengu reavers
  14 azure jellies
  9 deep elf sorcerers
  17 balrugs
  26 frost giants
  8 draconian scorchers
  5 draconian knights
  5 emperor scorpions
  6 draconian shifters
  9 ghost moths
  23 iron dragons
  31 fire giants
  An orc warlord (Orc:2)
  A warmonger (Pan)
  13 ghouls
  3 cacodemons (Dis:7)
  4 draconian stormcallers
  16 ironheart preservers
  2 curse skulls
  21 very ugly things
  24 vault wardens
  10 spriggan defenders
  2 deep elf elementalists (Elf:3)
  7 elemental wellsprings
  65 reapers
  9 deep elf demonologists
  40 stone giants
  8 draconian annihilators
  21 war gargoyles
  8 entropy weavers
  Nessos (Lair:5)
  15 green draconians
  13 vampire knights
  2 entropy weavers (shapeshifter) (Depths:3)
  A lorocyproca (Dis:7)
  17 black draconians
  14 purple draconians
  13 red draconians
  7 deep elf annihilators
  24 spark wasps
  19 white draconians
  13 yellow draconians
  8 ettins
  Snorg (D:12)
  28 blizzard demons
  16 deep elf death magi
  22 fire dragons
  4 green deaths
  A minotaur (Lab)
  3 jiangshi (Crypt:1)
  The ghost of Patate the Warrior, a journeyman MiFi of Okawaru (D:11)
  3 death oozes
  A minotaur (shapeshifter) (Depths:3)
  A merfolk impaler (Abyss:5)
  2 deep elf high priests
  14 great orbs of eyes
  A mummy priest (Crypt:3)
  5 quicksilver dragon zombies
  18 yaktaur captains
  10 rakshasas
  10 eidola
  34 ice dragons
  6 kraken zombies
  7 quicksilver dragon skeletons
  38 vault guards
  A monstrous demonspawn (Pan)
  A hell beast (Coc:4)
  26 hydras
  An ice dragon (shapeshifter) (Vaults:5)
  6 spriggan air magi
  6 ghost crabs
  8 alligators
  5 death knights
  A two-headed ogre (shapeshifter) (Vaults:5)
  18 centaur warriors
  25 dancing weapons
  A queen ant (Lair:4)
  29 two-headed ogres
  8 deep troll shamans
  An anaconda (shapeshifter) (Vaults:5)
  17 hell hogs
  6 death yaks
  An orc high priest (Orc:2)
  9 deep troll earth magi
  6 tengu warriors
  4 vampire magi
  4 satyrs (Depths:2)
  12 ogre magi
  2 thrashing horrors (Abyss:5)
  Urug (D:11)
  21 deep elf knights
  Sonja (Orc:2)
  13 spriggan berserkers
  8 iron golems
  13 storm dragon zombies
  45 soul eaters
  25 sun demons
  8 titan skeletons
  11 titan zombies
  A fire crab (Lair:6)
  2 salamander mystics (Depths:5)
  A wretched star (Abyss:5)
  114 skeletal warriors
  35 hell knights
  10 iron trolls (Dis:7)
  28 shadow wraiths
  A fire crab (shapeshifter) (Vaults:1)
  16 flayed ghosts
  A quicksilver dragon simulacrum (Coc:7)
  4 wizards
  25 anaconda zombies
  3 death drakes
  A sea snake (shapeshifter) (Depths:3)
  4 starcursed masses
  2 spriggan druids
  10 storm dragon skeletons
  6 golden dragon zombies
  11 swamp dragons
  20 deep trolls
  6 ghost moth zombies
  25 deep elf archers
  6 glowing orange brains
  8 unseen horrors
  9 shadow demons
  7 golden dragon skeletons
  3 tengu zombies
  An unseen horror (shapeshifter) (Depths:3)
  23 phantasmal warriors
  11 orc knights
  27 wolf spiders
  9 iron dragon zombies
  A harpy (Vaults:1)
  14 ironbrand convokers
  33 necromancers
  9 anaconda skeletons
  14 shadow dragon zombies
  71 ugly things
  7 shadow dragon skeletons
  An orb spider (shapeshifter) (Vaults:4)
  A mana viper (shapeshifter) (Depths:2)
  11 frost giant zombies
  6 fauns (Depths:2)
  8 stone giant zombies
  4 shining eyes
  2 manticores
  A faun (shapeshifter) (Vaults:4)
  9 fire giant zombies
  71 deep elf magi
  A tengu skeleton (Depths:1)
  4 cyclopes
  16 orc sorcerers
  A worldbinder (Abyss:3)
  7 wolf spider zombies
  15 moths of wrath
  20 orb spiders
  A salamander (shapeshifter) (Vaults:5)
  7 iron dragon skeletons
  4 oklob plants (Lair:4)
  8 black mambas
  6 salamanders (Depths:5)
  32 rust devils
  10 frost giant skeletons
  4 dire elephant zombies
  2 water nymphs (Depths:2)
  17 elephants
  12 molten gargoyles
  2 shock serpent zombies
  6 stone giant skeletons
  2 ice statues
  Maurice (D:10)
  An apocalypse crab (Abyss:5)
  9 smoke demons
  A spiny frog (shapeshifter) (Depths:4)
  A torpor snail (Spider:2)
  An eye of devastation (Slime:5)
  10 fire giant skeletons
  A guardian serpent (shapeshifter) (Depths:3)
  11 dire elephant skeletons
  2 shock serpent skeletons
  4 orange demons
  2 emperor scorpion zombies
  28 hellions
  A gargoyle (D:13)
  14 vault sentinels
  64 yaktaurs
  2 rime drakes
  3 catoblepas zombies
  A rime drake (shapeshifter) (Vaults:2)
  13 demonic crawlers
  A purple draconian zombie (Crypt:1)
  A storm dragon simulacrum (Crypt:2)
  9 komodo dragons
  16 spiny frogs
  2 efreet
  An anaconda simulacrum (Coc:6)
  A yaktaur (shapeshifter) (Vaults:3)
  52 freezing wraiths
  34 red devils
  A spark wasp simulacrum (Depths:2)
  52 tormentors
  14 hellwings
  A golden dragon simulacrum (Depths:2)
  A guardian mummy (Crypt:3)
  5 harpy zombies
  A queen bee (shapeshifter) (D:15)
  5 tengu conjurers
  45 ice devils
  4 ancient zymes
  3 silent spectres
  2 trolls (shapeshifter)
  A jumping spider (shapeshifter) (Depths:3)
  9 meliai
  2 spriggan skeletons
  A queen ant zombie (Crypt:2)
  3 catoblepas skeletons
  17 hornets
  3 harpy skeletons
  A queen bee (D:11)
  17 polar bears
  13 trolls
  A merfolk (shapeshifter) (Depths:2)
  7 raiju
  2 tyrant leeches
  30 jumping spiders
  2 meliai (shapeshifter)
  33 hydra zombies
  2 wolf spider simulacra
  15 blink frogs
  A blink frog (shapeshifter) (Vaults:5)
  3 shadow dragon simulacra
  A deep troll zombie (Depths:1)
  Prince Ribbit (D:5)
  142 slime creatures
  8 hydra skeletons
  A tarantella zombie (Crypt:2)
  14 alligator zombies
  2 stone giant simulacra
  5 ettin zombies
  5 hippogriffs
  6 ice dragon zombies
  A snapping turtle (shapeshifter) (Depths:4)
  5 fire dragon zombies
  Sigmund (D:2)
  18 bog bodies
  A fire giant simulacrum (Coc:4)
  A hippogriff (shapeshifter) (Depths:4)
  2 ettin skeletons
  3 black mamba zombies
  129 flying skulls
  3 tarantellas (shapeshifter)
  34 tarantellas
  44 wraiths
  29 shadows
  A shock serpent simulacrum (Crypt:2)
  An ushabti (Crypt:3)
  5 alligator skeletons
  75 redbacks
  8 spriggans
  30 water elementals
  28 fire elementals
  2 fire dragon skeletons
  6 ice dragon skeletons
  8 air elementals
  35 yaks
  A vampire (Abyss:3)
  3 ynoxinuls
  4 black mamba skeletons
  7 wyverns
  16 humans (D:13)
  3 yaks (shapeshifter)
  7 hungry ghosts
  A dire elephant simulacrum (Coc:1)
  2 neqoxecs
  A fire bat (shapeshifter) (Depths:3)
  2 golden eyes (shapeshifter)
  4 basilisks (Lair:6)
  A chaos spawn (Abyss:5)
  3 steam dragons
  28 vampire mosquitoes
  5 wargs
  A merfolk zombie (Coc:2)
  Menkaure (D:5)
  22 swamp worms
  12 insubstantial wisps (Swamp:3)
  3 spatial vortices (Coc:1)
  A soldier ant (shapeshifter) (Vaults:5)
  10 large abominations
  A naga (shapeshifter) (Vaults:1)
  A gelid demonspawn zombie (Crypt:1)
  2 infernal demonspawn zombies
  A monstrous demonspawn zombie (Crypt:2)
  3 acid dragons
  A warg (shapeshifter) (Depths:4)
  4 hydra simulacra
  59 hell hounds
  17 spiny frog zombies
  Duvessa (D:4)
  10 soldier ants
  17 water moccasins
  2 porcupines
  37 ice beasts
  A floating eye (shapeshifter) (Depths:3)
  15 swamp drakes
  2 hornet zombies
  2 manticore zombies
  10 spiny frog skeletons
  53 orc warriors
  9 snapping turtle zombies
  A black mamba simulacrum (Coc:4)
  An alligator simulacrum (Coc:1)
  5 phantoms
  5 sky beasts
  5 black bears
  19 necrophages
  8 eyes of draining
  4 swamp dragon zombies
  A black bear (shapeshifter) (Depths:1)
  3 manticore skeletons
  4 elf skeletons
  A snapping turtle skeleton (Crypt:3)
  26 wolves
  9 boggarts
  41 ogres
  21 centaurs
  3 swamp dragon skeletons
  17 crocodiles
  3 big kobolds
  A torpor snail zombie (Crypt:1)
  9 elf zombies
  An earth elemental (Elf:2)
  2 human skeletons
  21 bullfrogs
  A bullfrog (shapeshifter) (Vaults:5)
  2 wyvern zombies
  A salamander skeleton (Crypt:2)
  6 small abominations
  2 spiny frog simulacra
  A deep troll simulacrum (Vaults:4)
  Dowan (D:4)
  A glowing shapeshifter simulacrum (Vaults:1)
  A hippogriff skeleton (Crypt:2)
  2 scorpions (D:7)
  10 wyvern skeletons
  A water moccasin skeleton (D:7)
  A troll zombie (Geh:7)
  3 spriggan zombies
  73 wights
  A snapping turtle simulacrum (Abyss:5)
  29 killer bees
  A troll skeleton (Geh:7)
  6 electric eels
  5 howler monkeys
  5 lava snakes (Lair:6)
  2 bullfrog zombies
  6 human zombies
  23 crimson imps
  3 centaur zombies
  A quasit (Abyss:3)
  A wyvern simulacrum (D:8)
  8 centaur skeletons
  8 hounds
  33 orc priests
  4 bullfrog skeletons
  5 jellies
  36 orc wizards
  35 iron imps
  Jessica (D:3)
  3 iguanas
  39 worker ants
  2 naga zombies
  2 centaur simulacra (D:8)
  3 big kobold zombies (Ossuary)
  An ogre zombie (Dis:7)
  A hound zombie (D:6)
  A hound skeleton (D:5)
  13 mummies
  8 gnolls
  A howler monkey skeleton (D:8)
  13 adders
  An adder (shapeshifter) (Vaults:1)
  A naga simulacrum (Crypt:1)
  18 shadow imps
  20 white imps
  An adder zombie (Ossuary)
  An adder skeleton (D:4)
  A lava snake skeleton (Crypt:2)
  4 worms
  A barachi zombie (Crypt:1)
  2 dart slugs
  4 leopard geckos
  144 orcs
  2 ball pythons
  8 giant cockroaches
  6 goblins
  7 hobgoblins
  8 jackals
  22 kobolds
  7 quokkas
  5 bats
  5 frilled lizards
  A goblin zombie (Ossuary)
  10 hobgoblin zombies (Ossuary)
  A jackal zombie (Ossuary)
  9 kobold zombies
  A leopard gecko skeleton (D:8)
  An orc skeleton (Tar:7)
  11 orc zombies
  2 quokka skeletons
  10 rats
  A rat zombie (Ossuary)
  8 briar patches (Swamp:4)
  A bush (D:14)
  2 crawling corpses (Elf:3)
  7 fungi
  26 pillars of salt
  5 plants
  2 starspawn tentacles (Abyss:5)
  8 tentacles
4963 creatures vanquished.

Vanquished Creatures (collateral kills)
  A lich (Crypt:3)
1 creature vanquished.

Vanquished Creatures (others)
  A lich (Depths:3)
  A draconian monk (Zot:3)
  A draconian knight (Zot:2)
  A spriggan defender (Depths:3)
  4 elemental wellsprings
  A vampire knight (Depths:3)
  A purple draconian (Zot:4)
  A fire dragon (Depths:3)
  2 hell hogs (Dis:3)
  An orc high priest (Elf:1)
  A skeletal warrior (Coc:7)
  2 deep elf magi
  A wolf spider (Spider:3)
  A polar bear (IceCv)
  A redback (Spider:3)
  3 flying skulls
  2 air elementals
  A shadow (Geh:6)
  3 humans (Lair:5)
  A porcupine (Lair:5)
  A swamp drake (Swamp:3)
  A boggart (Depths:1)
  A wolf (IceCv)
  A bullfrog (Lair:5)
  An iron imp (Dis:7)
  A shadow imp (Tar:2)
  An ufetubus (D:8)
  3 briar patches (Swamp:4)
  16 fungi
  36 pillars of salt
  83 plants
  6 starspawn tentacles
  29 tentacles
  3 withered plants (Crypt:3)
213 creatures vanquished.

Grand Total: 5177 creatures vanquished

Notes
Turn   | Place    | Note
-------+----------+-------------------------------------------
     0 | D:1      | grindst0ne the Gargoyle Fighter began the quest for the Orb.
     0 | D:1      | Reached XP level 1. HP: 14/14 MP: 1/1
   258 | D:1      | Reached XP level 2. HP: 19/20 MP: 2/2
   894 | D:1      | Reached XP level 3. HP: 21/24 MP: 3/3
  1333 | D:2      | Reached skill level 5 in Fighting
  1375 | D:2      | Noticed Sigmund
  1389 | D:2      | Killed Sigmund
  1389 | D:2      | Reached skill level 5 in Armour
  1389 | D:2      | Reached XP level 4. HP: 26/31 MP: 4/4
  1389 | D:2      | Reached XP level 5. HP: 30/35 MP: 5/5
  1537 | D:2      | Reached XP level 6. HP: 40/40 MP: 6/6
  1715 | D:3      | Found a radiant altar of Vehumet.
  1715 | D:3      | Found an iron altar of Okawaru.
  1715 | D:3      | Found a shattered altar of Ashenzari.
  1715 | D:3      | Found a glowing silver altar of Zin.
  1715 | D:3      | Found a blossoming altar of Fedhas.
  1715 | D:3      | Found a basalt altar of Yredelemnul.
  1716 | D:3      | Found a sacrificial altar of Ru.
  1726 | D:3      | Became a worshipper of Warmaster Okawaru
  1736 | D:3      | Noticed Jessica
  1741 | D:3      | Killed Jessica
  1741 | D:3      | Reached skill level 1 in Evocations
  2273 | D:4      | Noticed Duvessa
  2273 | D:4      | Noticed Dowan
  2286 | D:4      | Killed Duvessa
  2286 | D:4      | Reached XP level 7. HP: 43/44 MP: 7/9
  2303 | D:4      | Killed Dowan
  2303 | D:4      | Reached * piety under Okawaru
  2974 | D:5      | Entered Level 5 of the Dungeon
  3063 | D:5      | Found Alory's Armour Shop.
  3155 | D:5      | Noticed Prince Ribbit
  3171 | D:5      | Killed Prince Ribbit
  3235 | D:5      | Found a sparkling altar of Nemelex Xobeh.
  3235 | D:5      | Noticed Menkaure
  3246 | D:5      | Killed Menkaure
  3246 | D:5      | Reached XP level 8. HP: 49/49 MP: 9/11
  3848 | D:6      | Reached ** piety under Okawaru
  4065 | D:6      | Gained mutation: You are partially covered in yellow scales. (AC +2) [potion of mutation]
  4065 | D:6      | Gained mutation: Your flesh is cold resistant. (rC+) [potion of mutation]
  4065 | D:6      | Gained mutation: You have a pair of small horns on your head. [potion of mutation]
  4065 | D:6      | Gained mutation: You have supernaturally acute eyesight. (SInv) [potion of mutation]
  4220 | D:6      | Found a staircase to the Ecumenical Temple.
  4962 | D:6      | Found a white marble altar of Elyvilon.
  5021 | D:6      | Reached skill level 10 in Armour
  5094 | D:7      | Reached skill level 1 in Dodging
  5318 | D:7      | Reached XP level 9. HP: 54/54 MP: 12/12
  5389 | D:7      | Reached *** piety under Okawaru
  5745 | D:7      | Reached skill level 5 in Dodging
  5902 | D:7      | Noticed a red ugly thing
  5915 | D:7      | Killed a red ugly thing
  6073 | D:7      | Got a transparent scale mail
  6088 | D:7      | Identified the +5 scale mail "Ennixed" {Str+4} (You found it on level 7 of the Dungeon)
  6103 | D:7      | Noticed a cyclops
  6120 | D:7      | Killed a cyclops
  6439 | D:7      | Reached XP level 10. HP: 59/59 MP: 13/13
  6531 | D:8      | Found a bloodstained altar of Trog.
  6544 | D:8      | Reached **** piety under Okawaru
  6661 | D:8      | Received a gift from Okawaru
  6760 | D:8      | Found a sand-covered staircase.
  6773 | Ossuary  | Entered an ossuary
  7080 | D:8      | Found a staircase to the Lair.
  7230 | D:8      | Reached skill level 5 in Evocations
  7383 | D:8      | Noticed a green ugly thing
  7406 | D:8      | Killed a green ugly thing
  7406 | D:8      | Reached ***** piety under Okawaru
  7493 | D:8      | Found a shattered altar of Ashenzari.
  7609 | D:8      | Noticed a two-headed ogre
  7618 | D:8      | Killed a two-headed ogre
  7715 | D:9      | Reached skill level 1 in Invocations
  7715 | D:9      | Reached XP level 11. HP: 68/68 MP: 16/16
  8268 | D:9      | Found Qunauq's Book Shop.
  8411 | D:9      | Got a dazzling war axe
  8412 | D:9      | Identified the +4 war axe of Wisdom {chop, rF+ rC+ MR++} (You found it on level 9 of the Dungeon)
  8448 | D:9      | Found Ciliej's Antique Weapon Shoppe.
  8528 | D:9      | Received a gift from Okawaru
  8611 | D:9      | Found Dutei's Armour Boutique.
  8646 | D:9      | Noticed a two-headed ogre
  8654 | D:9      | Killed a two-headed ogre
  8684 | D:10     | Entered Level 10 of the Dungeon
  9036 | D:9      | Reached skill level 1 in Axes
  9196 | D:10     | Found a staircase to the Orcish Mines.
  9366 | D:10     | Noticed an unseen horror
  9396 | D:10     | Killed an unseen horror
  9396 | D:10     | Received a gift from Okawaru
  9450 | D:10     | Noticed Maurice
  9484 | D:10     | Killed Maurice
  9650 | D:10     | Noticed a tengu warrior
  9668 | D:10     | Killed a tengu warrior
  9668 | D:10     | Reached skill level 5 in Axes
  9789 | D:10     | Noticed a manticore
  9811 | D:10     | Killed a manticore
 10111 | Lair:1   | Entered Level 1 of the Lair of Beasts
 10170 | Lair:1   | Found a frozen archway.
 10180 | Lair:1   | Received a gift from Okawaru
 10192 | Lair:1   | Got a crude broad axe {god gift}
 10193 | Lair:1   | Identified the +8 broad axe "Kewy" {holy, rN+} (Okawaru gifted it to you on level 1 of the Lair of Beasts)
 10234 | IceCv    | Entered an ice cave
 10378 | IceCv    | Reached XP level 12. HP: 62/73 MP: 18/18
 10801 | IceCv    | Noticed a death yak
 10819 | IceCv    | Killed a death yak
 10819 | IceCv    | Reached ****** piety under Okawaru
 11073 | IceCv    | Received a gift from Okawaru
 11080 | IceCv    | Got a crystal rapier {god gift}
 11081 | IceCv    | Identified the +3 rapier of Compassion {drain, *Drain +Rage Dex-3 SInv} (Okawaru gifted it to you in an ice cave)
 11192 | IceCv    | Reached skill level 5 in Shields
 11584 | IceCv    | Noticed a white draconian
 11584 | IceCv    | Noticed a death yak
 11614 | IceCv    | Killed a death yak
 11621 | IceCv    | Killed a white draconian
 12015 | Lair:1   | Noticed a six-headed hydra
 12019 | Lair:1   | Killed a six-headed hydra
 12021 | Lair:1   | Noticed a six-headed hydra
 12029 | Lair:1   | Killed an eight-headed hydra
 12029 | Lair:1   | Reached XP level 13. HP: 56/78 MP: 19/19
 12216 | Lair:1   | Reached skill level 10 in Shields
 12408 | Lair:1   | Received a gift from Okawaru
 13074 | Lair:2   | Received a gift from Okawaru
 13079 | Lair:2   | Got a brightly glowing hat {god gift}
 13090 | Lair:2   | Identified the +4 hat of Luohucza {Int+3 Stlth+} (Okawaru gifted it to you on level 2 of the Lair of Beasts)
 13465 | Lair:2   | Found a staircase to the Swamp.
 14036 | Lair:3   | Found a hole to the Spider Nest.
 14662 | Lair:3   | Noticed Rupert
 15114 | Lair:4   | Found a labyrinth entrance.
 15136 | Lab      | Entered a labyrinth
 15344 | Lab      | Noticed a minotaur
 15356 | Lab      | Killed a minotaur
 15550 | Lair:4   | Noticed an entropy weaver
 15553 | Lair:4   | Noticed an entropy weaver
 16245 | Lair:4   | Received a gift from Okawaru
 16274 | Lair:4   | Killed an entropy weaver
 16733 | Lair:4   | Killed an entropy weaver
 16792 | Lair:4   | Gained mutation: Your large and strong wings let you fly indefinitely. [Gargoyle growth]
 16792 | Lair:4   | Reached XP level 14. HP: 75/84 MP: 20/20
 17022 | Lair:4   | Reached skill level 15 in Shields
 17628 | Lair:5   | Found a viscous altar of Jiyva.
 17629 | Lair:5   | Found a staircase to the Slime Pits.
 17643 | Lair:5   | Noticed Nessos
 17722 | Lair:5   | Killed Nessos
 17804 | Lair:5   | Noticed Kirke
 17869 | Lair:5   | Killed Kirke
 17869 | Lair:5   | Received a gift from Okawaru
 18714 | Lair:6   | Entered Level 6 of the Lair of Beasts
 19246 | Lair:6   | Reached skill level 10 in Dodging
 19350 | Lair:6   | Received a gift from Okawaru
 19394 | Lair:6   | Identified a scroll of acquirement
 19401 | Lair:6   | Got a steaming jade ring
 19403 | Lair:6   | Identified the ring of Giaweona {rF+ Int+2} (You acquired it on level 6 of the Lair of Beasts)
 20259 | Lair:6   | Received a gift from Okawaru
 20379 | Lair:6   | Found a large runed door.
 20379 | Lair:6   | Found a large runed door.
 20397 | Lair:6   | Reached XP level 15. HP: 77/88 MP: 21/21
 20703 | Lair:6   | Identified the Disquisition on Gliding Transformation
 21032 | Lair:3   | Killed Rupert
 21249 | D:11     | Received a gift from Okawaru
 21258 | D:11     | Got an agate-encrusted ring mail {god gift}
 21642 | D:11     | Found a flickering gateway to a bazaar.
 21647 | Bazaar   | Entered a bazaar
 21647 | Bazaar   | Found Eraaxez's Magic Scroll Shoppe.
 21647 | Bazaar   | Found Rabuttepp's Assorted Antiques.
 21647 | Bazaar   | Found Keedium's General Store.
 21647 | Bazaar   | Found Tuwnu's Distillery.
 21649 | Bazaar   | Found Veumo's Armour Emporium.
 21704 | Bazaar   | Bought a potion of might for 52 gold pieces
 21704 | Bazaar   | Bought a scroll of recharging for 123 gold pieces
 21707 | Bazaar   | Bought 2 scrolls of fear for 77 gold pieces
 21707 | Bazaar   | Bought a scroll of teleportation for 33 gold pieces
 21707 | Bazaar   | Bought a scroll of recharging for 104 gold pieces
 21707 | Bazaar   | Bought a scroll of teleportation for 33 gold pieces
 21707 | Bazaar   | Bought a scroll of fog for 22 gold pieces
 21707 | Bazaar   | Bought a scroll of teleportation for 33 gold pieces
 21707 | Bazaar   | Bought a scroll of enchant armour for 82 gold pieces
 21721 | Bazaar   | Identified the +1 ring mail of Intuition {-Cast MR+ Str+6 Dex+3} (Okawaru gifted it to you on level 11 of the Dungeon)
 21763 | Bazaar   | Bought a potion of heal wounds for 65 gold pieces
 21763 | Bazaar   | Bought a potion of lignification for 39 gold pieces
 21763 | Bazaar   | Bought a potion of curing for 39 gold pieces
 21763 | Bazaar   | Bought a potion of agility for 52 gold pieces
 21768 | Bazaar   | Bought a potion of haste for 190 gold pieces
 21768 | Bazaar   | Bought a scroll labeled EJYTIBA LEFU for 19 gold pieces
 21768 | Bazaar   | Bought a scroll of magic mapping for 66 gold pieces
 21768 | Bazaar   | Bought a potion of resistance for 190 gold pieces
 21768 | Bazaar   | Bought a potion of lignification for 57 gold pieces
 21768 | Bazaar   | Bought a scroll of fear for 66 gold pieces
 21791 | Bazaar   | Bought a scroll of identify for 22 gold pieces
 21791 | Bazaar   | Bought a scroll of identify for 22 gold pieces
 22241 | D:11     | Found an opulent altar of Gozag.
 22254 | D:11     | Noticed Urug
 22268 | D:11     | Killed Urug
 22365 | D:11     | Noticed Patate's ghost (journeyman MiFi)
 22379 | D:11     | Killed Patate's ghost
 22539 | D:12     | Identified a +0 pair of boots of running (You found it on level 12 of the Dungeon)
 22633 | D:12     | Noticed Snorg
 22683 | D:12     | Killed Snorg
 23523 | D:13     | Received a gift from Okawaru
 23576 | D:13     | Found a gate to the Vaults.
 23593 | D:13     | Reached skill level 10 in Fighting
 23790 | D:13     | Received a gift from Okawaru
 23817 | D:13     | Got a brightly glowing plate armour {god gift}
 23837 | D:13     | Identified the +2 plate armour of the Orcish Mines {rN++ MR+} (Okawaru gifted it to you on level 13 of the Dungeon)
 25001 | D:13     | Reached XP level 16. HP: 100/100 MP: 22/22
 25797 | D:14     | Reached skill level 10 in Axes
 26988 | D:15     | Entered Level 15 of the Dungeon
 27285 | D:15     | Received a gift from Okawaru
 27583 | D:15     | Found a staircase to the Depths.
 28095 | Orc:1    | Entered Level 1 of the Orcish Mines
 28103 | Orc:1    | Paralysed by an orc sorcerer for 4 turns
 28127 | Orc:1    | Found Wiogih's Weapon Shoppe.
 28550 | Orc:1    | Found a roughly hewn altar of Beogh.
 28751 | Orc:2    | Entered Level 2 of the Orcish Mines
 29392 | Orc:2    | Found a roughly hewn altar of Beogh.
 29422 | Orc:2    | Noticed Saint Roka
 29654 | Orc:2    | Received a gift from Okawaru
 29664 | Orc:2    | Got a fine battleaxe {god gift}
 29729 | Orc:2    | Found Rantipp's Assorted Antiques.
 29806 | Orc:2    | Found a roughly hewn altar of Beogh.
 29822 | Orc:2    | Identified the +11 battleaxe "Goigh" {antimagic, rElec rPois Stlth+} (Okawaru gifted it to you on level 2 of the Orcish Mines)
 29921 | Orc:2    | Found a roughly hewn altar of Beogh.
 29921 | Orc:2    | Found Fapu's Gadget Boutique.
 29957 | Orc:2    | Got a shimmering brass ring
 29959 | Orc:2    | Identified the ring "Wotatoid" {Int+5 Slay+3} (You acquired it on level 2 of the Orcish Mines)
 29968 | Orc:2    | Bought a box of beasts for 200 gold pieces
 30085 | Orc:2    | Paralysed by an orc sorcerer for 4 turns
 30401 | Orc:2    | Reached XP level 17. HP: 71/104 MP: 21/23
 30692 | Orc:2    | Killed Saint Roka
 30779 | Orc:2    | Found Qithovy's Antique Weapon Shoppe.
 30780 | Orc:2    | Found a roughly hewn altar of Beogh.
 30782 | Orc:2    | Found Inniqum's Antique Armour Emporium.
 30823 | Orc:2    | Noticed Sonja
 30895 | Orc:2    | Killed Sonja
 30914 | Orc:2    | Found a staircase to the Elven Halls.
 30918 | Orc:2    | Found a roughly hewn altar of Beogh.
 30975 | Orc:2    | Found a roughly hewn altar of Beogh.
 31179 | Orc:2    | Bought a potion of agility for 136 gold pieces
 31179 | Orc:2    | Bought a potion of curing for 102 gold pieces
 31179 | Orc:2    | Bought a scroll of teleportation for 102 gold pieces
 31179 | Orc:2    | Bought a scroll of identify for 68 gold pieces
 31179 | Orc:2    | Bought a potion of might for 136 gold pieces
 31179 | Orc:2    | Bought a potion of heal wounds for 170 gold pieces
 31191 | Orc:2    | Bought a scroll of identify for 68 gold pieces
 31358 | Orc:2    | Bought an ichor-stained chain mail for 199 gold pieces
 31368 | Orc:2    | Identified the +6 chain mail "Faump" {*Drain rC+++ Str+4 Dex+2 Stlth+} (You bought it in a shop on level 2 of the Orcish Mines)
 31371 | Orc:2    | Bought a jade-encrusted chain mail for 199 gold pieces
 31564 | Swamp:1  | Entered Level 1 of the Swamp
 31611 | Swamp:1  | Received a gift from Okawaru
 32421 | Swamp:1  | Identified the cursed +0 chain mail "Zaotuz" {rC+} (You bought it in a shop on level 2 of the Orcish Mines)
 33193 | Swamp:2  | Received a gift from Okawaru
 33205 | Swamp:3  | Reached skill level 15 in Axes
 33759 | Swamp:4  | Entered Level 4 of the Swamp
 34074 | Swamp:3  | Received a gift from Okawaru
 34094 | Swamp:3  | Got a shimmering battleaxe {god gift}
 34095 | Swamp:3  | Identified the +7 battleaxe of Lies {venom, rN+ Str+4 Dex+2} (Okawaru gifted it to you on level 3 of the Swamp)
 34547 | Swamp:3  | Reached XP level 18. HP: 88/110 MP: 21/24
 34551 | Swamp:3  | Received a gift from Okawaru
 34711 | Swamp:4  | Got a decaying rune of Zot
 35246 | Spider:1 | Entered Level 1 of the Spider Nest
 36257 | Spider:2 | Got an encrusted chain mail
 36705 | Spider:1 | Received a gift from Okawaru
 37082 | Spider:3 | Noticed Bai Suzhen
 37084 | Spider:3 | Noticed Arachne
 37246 | Spider:2 | Killed Bai Suzhen
 37470 | Spider:3 | Killed Arachne
 37588 | Spider:3 | Received a gift from Okawaru
 38098 | Spider:4 | Entered Level 4 of the Spider Nest
 38278 | Spider:4 | Identified the +2 chain mail "Muotov" {rC++} (You found it on level 2 of the Spider Nest)
 38372 | Spider:4 | Received a gift from Okawaru
 38475 | Spider:4 | Reached XP level 19. HP: 96/115 MP: 21/25
 39264 | Spider:4 | Got a gossamer rune of Zot
 39337 | Spider:4 | Reached skill level 15 in Armour
 40063 | Vaults:1 | Entered Level 1 of the Vaults
 40125 | Vaults:1 | Received a gift from Okawaru
 40344 | Vaults:1 | Noticed Jorgrun
 40394 | Vaults:1 | Killed Jorgrun
 40414 | Vaults:1 | Received a gift from Okawaru
 41086 | Vaults:1 | Noticed a Tzitzimitl
 41094 | Vaults:1 | Received a gift from Okawaru
 41127 | Vaults:1 | Reached XP level 20. HP: 88/120 MP: 22/26
 42183 | Vaults:2 | Paralysed by an ogre mage for 7 turns
 42239 | Vaults:2 | Received a gift from Okawaru
 42888 | Vaults:2 | Paralysed by an ogre mage for 7 turns
 43292 | Vaults:2 | Received a gift from Okawaru
 43323 | Vaults:2 | Got a pair of bloodstained gloves {god gift}
 43334 | Vaults:2 | Identified the +5 pair of gloves of the Onion {rN+} (Okawaru gifted it to you on level 2 of the Vaults)
 44388 | Vaults:3 | Paralysed by an orc sorcerer for 3 turns
 44434 | Vaults:3 | Reached XP level 21. HP: 49/124 MP: 27/27
 44711 | Vaults:3 | Found a staircase to the Crypt.
 44748 | Vaults:3 | Reached skill level 15 in Dodging
 45020 | Vaults:3 | Noticed Frederick
 45137 | Vaults:3 | Killed Frederick
 45214 | Vaults:3 | Gained mutation: You are clumsy. (Dex -2) [a neqoxec]
 45275 | Vaults:3 | Received a gift from Okawaru
 45296 | Vaults:3 | Got a translucent scarf {god gift}
 45302 | Vaults:3 | Identified the scarf of the Lumpy Princes {MR+ rCorr} (Okawaru gifted it to you on level 3 of the Vaults)
 47438 | Vaults:4 | Noticed Mennas
 47466 | Vaults:4 | Killed Mennas
 47708 | Vaults:4 | Paralysed by a sphinx for 7 turns
 47952 | Vaults:4 | Found Qoikhuith's Food Boutique.
 47955 | Vaults:4 | Bought 2 fruits for 33 gold pieces
 47955 | Vaults:4 | Bought a royal jelly for 22 gold pieces
 47955 | Vaults:4 | Bought a royal jelly for 22 gold pieces
 47955 | Vaults:4 | Bought a royal jelly for 22 gold pieces
 47955 | Vaults:4 | Bought a meat ration for 55 gold pieces
 47955 | Vaults:4 | Bought a meat ration for 55 gold pieces
 48014 | Vaults:4 | Received a gift from Okawaru
 48330 | Vaults:5 | Entered Level 5 of the Vaults
 48332 | Vaults:5 | Noticed a golden dragon
 48538 | Vaults:4 | Killed a golden dragon
 48693 | Vaults:4 | Reached XP level 22. HP: 114/130 MP: 23/28
 49230 | Vaults:5 | Received a gift from Okawaru
 49944 | Vaults:5 | Noticed a golden dragon
 50326 | Vaults:4 | Killed a golden dragon
 50433 | Vaults:5 | Got a silver rune of Zot
 50441 | Vaults:5 | Identified the cursed +0 scale mail "Vetwur" {Slay+3} (You found it on level 5 of the Vaults)
 50445 | Vaults:5 | Identified the cursed +2 mace of Superiority {venom, rC+ Stlth+} (You found it on level 5 of the Vaults)
 50668 | Vaults:5 | Noticed a golden dragon
 50694 | Vaults:4 | Killed a golden dragon
 51156 | Vaults:5 | Cast into level 3 of the Abyss (tengu reaver)
 51156 | Abyss:3  | Found a transporter.
 51258 | Abyss:3  | Received a gift from Okawaru
 51619 | Vaults:5 | Escaped the Abyss
 51760 | Vaults:5 | Reached XP level 23. HP: 125/142 MP: 29/29
 51858 | Vaults:5 | Noticed a golden dragon
 52057 | Vaults:5 | Killed a golden dragon
 52143 | Vaults:5 | Got a translucent halberd
 52149 | Vaults:5 | Identified the cursed +0 halberd of Demand {venom, rElec rF++} (You found it on level 5 of the Vaults)
 52305 | Vaults:5 | Got a scintillating glass ring
 52316 | Vaults:5 | Identified the ring of Oseid {rF+ rN+ Slay+5} (You found it on level 5 of the Vaults)
 52607 | Vaults:5 | Reached skill level 15 in Fighting
 52761 | Vaults:5 | Got a fine crystal amulet
 52763 | Vaults:5 | Identified the amulet "Eqaptum" {+Fly rElec Regen+ Str+4} (You found it on level 5 of the Vaults)
 52929 | Vaults:5 | Got a warped plate armour
 52930 | Vaults:5 | Identified the +2 plate armour "Uruos" {rC- Regen+ Str+4} (You found it on level 5 of the Vaults)
 53901 | Crypt:1  | Entered Level 1 of the Crypt
 55652 | Crypt:3  | Entered Level 3 of the Crypt
 55699 | Crypt:3  | Received a gift from Okawaru
 55966 | Crypt:3  | Reached skill level 10 in Evocations
 56126 | Crypt:3  | Found a staircase to the Tomb.
 56247 | Crypt:3  | Reached XP level 24. HP: 162/162 MP: 30/30
 56298 | Crypt:3  | Found an ancient bone altar of Kikubaaqudgha.
 56698 | Crypt:3  | Noticed an ancient lich
 56713 | Crypt:3  | Cast into level 5 of the Abyss (an ancient lich)
 56713 | Abyss:5  | Entered Level 5 of the Abyss
 56725 | Abyss:5  | Found a corrupted altar of Lugonu.
 56937 | Abyss:5  | Got an abyssal rune of Zot
 56951 | Crypt:3  | Escaped the Abyss
 56961 | Crypt:3  | Killed an ancient lich
 56972 | Crypt:3  | Identified the Guide on Evil Rituals
 57424 | Crypt:3  | Received a gift from Okawaru
 58951 | Elf:1    | Entered Level 1 of the Elven Halls
 59056 | Elf:1    | Found Cogarch's Food Shop.
 59624 | Elf:2    | Reached skill level 5 in Invocations
 59639 | Elf:2    | Found Baetet's Armour Emporium.
 59646 | Elf:2    | Identified the +4 ring mail "Zugid" {rPois rF++ MR+ Str-3} (You found it on level 2 of the Elven Halls)
 59769 | Elf:2    | Found a runed door.
 59793 | Elf:2    | Found a runed door.
 60224 | Elf:2    | Received a gift from Okawaru
 60256 | Elf:2    | Identified the +0 pair of gloves of Emaki {rPois rC+ Str-5 Int+2} (Okawaru gifted it to you on level 2 of the Elven Halls)
 60561 | Elf:3    | Entered Level 3 of the Elven Halls
 60580 | Elf:3    | Reached XP level 25. HP: 166/171 MP: 31/31
 60747 | Elf:3    | Reached skill level 10 in Invocations
 60784 | Elf:3    | Found Feney's Antique Weapon Shoppe.
 62049 | Elf:3    | Got a brightly glowing wooden ring
 62236 | Elf:3    | Identified the ring "Folethug" {*Slow rPois MR+ Dex+3} (You took it off a deep elf death mage on level 3 of the Elven Halls)
 62716 | Slime:1  | Entered Level 1 of the Pits of Slime
 62732 | Slime:1  | Received a gift from Okawaru
 63483 | Slime:2  | Gained mutation: Armour fits poorly on your strangely shaped body. [a shining eye]
 63484 | Slime:2  | Gained mutation: Your body sometimes deteriorates upon taking damage. [a shining eye]
 63486 | Slime:2  | Gained mutation: You expend magic power (3 MP) to strengthen your wands. [a shining eye]
 63489 | Slime:2  | Gained mutation: You are robust. (+10% HP) [a shining eye]
 63718 | Slime:2  | Gained mutation: You are occasionally teleported next to monsters. [a shining eye]
 64030 | Slime:3  | Noticed Dissolution
 64035 | Slime:3  | Gained mutation: You tend to lose your temper in combat. [a shining eye]
 64046 | Slime:3  | Paralysed by a floating eye for 2 turns
 64058 | Slime:2  | Paralysed by a floating eye for 4 turns
 64059 | Slime:2  | Lost mutation: You are occasionally teleported next to monsters. [a shining eye]
 64060 | Slime:2  | Gained mutation: You are occasionally teleported next to monsters. [a shining eye]
 64061 | Slime:2  | Gained mutation: Your spells are a little easier to cast, but a little less powerful. [a shining eye]
 64061 | Slime:2  | Lost mutation: You are robust. (+10% HP) [a shining eye]
 64062 | Slime:2  | Gained mutation: You are dopey. (Int -2) [a shining eye]
 64063 | Slime:2  | Killed Dissolution
 65234 | Slime:4  | Gained mutation: You occasionally shout uncontrollably at your foes. [a shining eye]
 65237 | Slime:4  | Gained mutation: Your magical capacity is low. (-10% MP) [a shining eye]
 65685 | Slime:5  | Entered Level 5 of the Pits of Slime
 66202 | Slime:5  | Reached XP level 26. HP: 107/177 MP: 12/29
 66496 | Slime:5  | Received a gift from Okawaru
 66661 | Slime:5  | Gained mutation: Your body often deteriorates upon taking damage. [a shining eye]
 66800 | Slime:5  | Noticed the Royal Jelly
 66905 | Slime:5  | Killed the Royal Jelly
 67194 | Slime:5  | Got a bound brass ring
 67228 | Slime:5  | Got a slimy rune of Zot
 67292 | Slime:5  | Got a scintillating zirconium amulet
 67294 | Slime:5  | Identified the ring "Caiweh" {Str+6 Dex+5} (You found it on level 5 of the Pits of Slime)
 67297 | Slime:5  | Identified the amulet of Bodily Harmony {RegenMP rPois Str+3 Int+3} (You found it on level 5 of the Pits of Slime)
 67660 | D:3      | Fell from the grace of Okawaru
 67660 | D:3      | Became a worshipper of Zin the Law-Giver
 67660 | D:3      | Reached * piety under Zin
 67660 | D:3      | Reached ** piety under Zin
 67661 | D:3      | Donated 2783 gold pieces to Zin
 67662 | D:3      | Donated 1391 gold pieces to Zin
 67678 | D:3      | Reached *** piety under Zin
 67824 | D:3      | Reached **** piety under Zin
 67994 | D:3      | Reached ***** piety under Zin
 68313 | D:3      | Donated 696 gold pieces to Zin
 68318 | D:3      | Reached ****** piety under Zin
 68387 | D:3      | Received a gift from Zin
 68387 | D:3      | Lost mutation: You have a pair of small horns on your head. [Zin's power]
 68387 | D:3      | Lost mutation: You are partially covered in yellow scales. (AC +2) [Zin's power]
 68387 | D:3      | Lost mutation: You have supernaturally acute eyesight. (SInv) [Zin's power]
 68387 | D:3      | Lost mutation: You tend to lose your temper in combat. [Zin's power]
 68387 | D:3      | Lost mutation: You are clumsy. (Dex -2) [Zin's power]
 68387 | D:3      | Lost mutation: Your flesh is cold resistant. (rC+) [Zin's power]
 68387 | D:3      | Lost mutation: Armour fits poorly on your strangely shaped body. [Zin's power]
 68387 | D:3      | Lost mutation: Your body often deteriorates upon taking damage. [Zin's power]
 68387 | D:3      | Lost mutation: Your body sometimes deteriorates upon taking damage. [Zin's power]
 68387 | D:3      | Lost mutation: You are dopey. (Int -2) [Zin's power]
 68387 | D:3      | Lost mutation: Your magical capacity is low. (-10% MP) [Zin's power]
 68387 | D:3      | Lost mutation: You occasionally shout uncontrollably at your foes. [Zin's power]
 68387 | D:3      | Lost mutation: You are occasionally teleported next to monsters. [Zin's power]
 68387 | D:3      | Lost mutation: Your spells are a little easier to cast, but a little less powerful. [Zin's power]
 68387 | D:3      | Lost mutation: You expend magic power (3 MP) to strengthen your wands. [Zin's power]
 68889 | D:14     | Donated 348 gold pieces to Zin
 68969 | Depths:1 | Entered Level 1 of the Depths
 74309 | Depths:1 | Found a gateway to Hell.
 74362 | Depths:1 | Reached skill level 15 in Invocations
 74695 | Depths:1 | Identified the cursed +0 chain mail "Metu" {rPois rF+} (You found it on level 1 of the Depths)
 75341 | Orc:2    | Bought a wand of disintegration (?/24) for 136 gold pieces
 76733 | Depths:2 | Reached XP level 27. HP: 123/182 MP: 35/35
 77012 | Depths:2 | Identified the +7 morningstar "Kusioph" {drain, rC+} (You took it off a spriggan air mage on level 2 of the Depths)
 77337 | Depths:2 | Noticed the Enchantress
 77348 | Depths:2 | Killed the Enchantress
 77350 | Depths:2 | Got faerie dragon scales
 77819 | Depths:3 | Got a steaming lead ring
 78309 | Depths:3 | Found a runed door.
 78354 | Depths:3 | Identified the Collected Works on the Mountains and Feathers
 78378 | Depths:3 | Identified Sif Muna's Almanac of Dark Rites and Confrontation
 78425 | Depths:3 | Got a warped plate armour
 78441 | Depths:3 | Was forgiven by Okawaru
 78916 | Depths:3 | Found a one-way gate leading to the halls of Pandemonium.
 79363 | Depths:3 | Got a shimmering turquoise ring
 79623 | Depths:3 | Identified the +13 plate armour of the Vacuum {rPois rN+ Int+6} (You found it on level 3 of the Depths)
 79625 | Depths:3 | Identified the cursed ring of Gofamevina {rPois rF+ rC- rN+ Int-3} (You took it off a vampire mage on level 3 of the Depths)
 79628 | Depths:3 | Identified the ring of Vehumet's Pride {rPois Dex+3} (You found it on level 3 of the Depths)
 79643 | Depths:3 | Identified the +1 faerie dragon scales {*Drain rCorr Str+7 Int+4} (You took it off the Enchantress on level 2 of the Depths)
 79743 | Depths:3 | Got a bound copper ring
 79815 | Depths:3 | Identified Qorph's Tome of Helpful Darkness
 80029 | Depths:3 | Found a runed door.
 80124 | Depths:3 | Found a runed door.
 80326 | Depths:3 | Noticed a juggernaut
 80343 | Depths:3 | Killed a juggernaut
 80542 | Depths:3 | Identified the ring of Xom's Bemusement {MR- EV+2 Dex+10} (You took it off a fire giant on level 3 of the Depths)
 80614 | Depths:4 | Found a gateway to a ziggurat.
 81003 | Depths:4 | Noticed Margery
 81034 | Depths:4 | Killed Margery
 81115 | Depths:4 | Found Qoth's Antique Weapon Emporium.
 81532 | Depths:4 | Found a one-way gate to the infinite horrors of the Abyss.
 81601 | Depths:4 | Identified the +0 plate armour "Kurigic" {rPois rF+} (You found it on level 4 of the Depths)
 81749 | Depths:4 | Found Saicud's Armour Emporium.
 82122 | Depths:4 | Noticed a juggernaut
 82143 | Depths:4 | Killed a juggernaut
 82490 | Depths:5 | Entered Level 5 of the Depths
 82891 | Depths:5 | Noticed Jory
 82909 | Depths:5 | Killed Jory
 82942 | Depths:5 | Noticed a juggernaut
 82964 | Depths:5 | Killed a juggernaut
 83165 | Depths:5 | Found a gate to the Realm of Zot.
 84035 | Zot:1    | Entered Level 1 of the Realm of Zot
 86639 | Depths:4 | Bought the +18 shield of the Gong {rElec rN+ MR+ EV-5} for 1946 gold pieces
 87943 | Zot:4    | Noticed Tiamat
 88553 | Zot:4    | Killed Tiamat
 89403 | Zot:5    | Entered Level 5 of the Realm of Zot
 89878 | Zot:5    | HP: 9/182 [Orb Guardian (21)]
 90441 | Zot:5    | Noticed an orb of fire
 90442 | Zot:5    | Noticed an orb of fire
 90465 | Zot:5    | Killed an orb of fire
 90466 | Zot:5    | Killed an orb of fire
 90487 | Zot:5    | Noticed an ancient lich
 90490 | Zot:5    | Noticed an ancient lich
 90493 | Zot:5    | Killed an ancient lich
 90497 | Zot:5    | Killed an ancient lich
 90507 | Zot:5    | Noticed an orb of fire
 90526 | Zot:5    | Killed an orb of fire
 90702 | Zot:5    | Noticed an orb of fire
 90724 | Zot:5    | Killed an orb of fire
 90986 | Zot:5    | Noticed an ancient lich
 91245 | Zot:5    | Killed an ancient lich
 91319 | Zot:5    | Noticed an ancient lich
 91331 | Zot:5    | Killed an ancient lich
 91761 | Hell     | Entered the Vestibule of Hell
 91761 | Hell     | Noticed Geryon
 91790 | Hell     | Killed Geryon
 91943 | Hell     | Noticed Murray
 91982 | Hell     | Killed Murray
 92280 | Hell     | Found a gateway to the freezing wastes of Cocytus.
 92631 | Hell     | Found a gateway to the decaying netherworld of Tartarus.
 92790 | Hell     | Found a gateway to the Iron City of Dis.
 92843 | Hell     | Found a gateway to the ashen valley of Gehenna.
 93033 | Geh:1    | Entered Level 1 of Gehenna
 93054 | Geh:1    | Reached skill level 27 in Armour
 95148 | Geh:7    | Entered Level 7 of Gehenna
 96025 | Geh:7    | Identified the +7 great sword of the Moon {flame, Str+4 Dex+2 Stlth+} (You found it on level 7 of Gehenna)
 96170 | Geh:7    | Got a fine jade amulet
 96171 | Geh:7    | Identified the amulet "Xeid Fit" {Reflect rN+ SH+3} (You found it on level 7 of Gehenna)
 96201 | Geh:7    | Gained mutation: Scrolls take you a little longer to read. [mutagenic glow]
 97353 | Geh:7    | Noticed Asmodeus
 97891 | Geh:7    | Killed Asmodeus
 98121 | Geh:7    | Got an obsidian rune of Zot
 98125 | Geh:7    | Identified the +2 plate armour of the Foremost Realms {rPois Regen+ MP+9 Str-3} (You found it on level 7 of Gehenna)
 98370 | Coc:1    | Entered Level 1 of Cocytus
102444 | Coc:5    | Reached skill level 27 in Invocations
105042 | Coc:7    | Entered Level 7 of Cocytus
106357 | Coc:7    | Identified Byenogg's Papyrus of Transformation
106361 | Coc:7    | Identified the +4 plate armour of Himely {MR- Str+4 SInv} (You found it on level 7 of Cocytus)
106660 | Coc:7    | Noticed Antaeus
107407 | Coc:7    | Killed Antaeus
107627 | Coc:7    | Got an icy rune of Zot
107825 | Dis:1    | Entered Level 1 of the Iron City of Dis
108246 | Dis:2    | Gained mutation: Your body sometimes deteriorates upon taking damage. [mutagenic glow]
109237 | Dis:7    | Entered Level 7 of the Iron City of Dis
109602 | Dis:7    | Reached skill level 27 in Dodging
109824 | Dis:7    | Got a blackened flail {venom}
110062 | Dis:7    | Identified the +9 flail "Lacerefe" {venom, rC+ Int+3 SInv} (You took it off an ancient champion on level 7 of the Iron City of Dis)
110066 | Dis:7    | Got a translucent amethyst amulet
110068 | Dis:7    | Identified the amulet "Miukk" {Reflect Slay+3 SH+4} (You found it on level 7 of the Iron City of Dis)
112222 | Dis:7    | Identified Sif Muna's Compendium of Ashen Feathers
112565 | Dis:7    | Noticed Dispater
112891 | Dis:7    | Killed Dispater
112899 | Dis:7    | Got an iron rune of Zot
113334 | Tar:1    | Entered Level 1 of Tartarus
115611 | Tar:7    | Entered Level 7 of Tartarus
115630 | Tar:7    | Reached skill level 27 in Fighting
117463 | Tar:7    | Got a pair of smoking gloves
117474 | Tar:7    | Identified the cursed -1 pair of gloves of the Falcon {+Blink +Fly rF+ Dex-3} (You found it on level 7 of Tartarus)
118695 | Tar:7    | Got a twitching ivory ring
118698 | Tar:7    | Identified the ring of Xom's Full Attention {*Drain Str+8 Int+2 Dex+2} (You found it on level 7 of Tartarus)
118746 | Tar:7    | Noticed Ereshkigal
118776 | Tar:7    | Killed Ereshkigal
118788 | Tar:7    | Got a bone rune of Zot
121425 | Pan      | Entered Pandemonium
121522 | Pan      | Found an exit through the horrors of the Abyss.
121663 | Pan      | Noticed Xavveib the pandemonium lord
121762 | Pan      | Killed from afar by a Hell Sentinel

Skill      XL: |  1  2  3  4  5  6  7  8  9 10 11 12 13 14 15 16 17 18 19 20 21 22 23 24 25 26 27 |
---------------+----------------------------------------------------------------------------------+-----
Fighting       | 4 5 8 11 14 19 21 27 | 27.0
Armour         | 5 6 8 10 13 14 16 18 19 20 27 | 27.0
Evocations     | 3 4 7 8 10 11 | 11.6
Dodging        | 2 7 11 13 14 16 17 27 | 27.0
Invocations    | 1 4 9 13 17 27 | 27.0
Axes           | 7 8 13 16 18 21 25 | 25.2
Shields        | 9 14 15 | 15.0
Maces & Flails | |  2.0

Action                   |  1- 3 |  4- 6 |  7- 9 | 10-12 | 13-15 | 16-18 | 19-21 | 22-24 | 25-27 || total
-------------------------+-------+-------+-------+-------+-------+-------+-------+-------+-------++-------
Melee: Flail             |   119 |       |       |       |       |       |       |       |       ||   119
       Hand axe          |    15 |    74 |   345 |   368 |       |       |       |       |       ||   802
       Headbutt          |       |       |    43 |   156 |   305 |   431 |   499 |   532 |   193 ||  2159
       War axe           |       |       |       |   321 |    81 |       |       |   271 |   137 ||   810
       Broad axe         |       |       |       |   106 |  1139 |  1547 |  1580 |  1367 |  8673 || 14412
       Unarmed           |       |       |       |       |     9 |       |       |       |       ||     9
Throw: Tomahawk          |       |       |       |       |     3 |       |       |       |       ||     3
Invok: Heroism           |       |       |     5 |     9 |    20 |    12 |    14 |    15 |     5 ||    80
       Finesse           |       |       |       |     1 |     1 |     1 |     4 |     8 |     2 ||    17
       Vitalisation      |       |       |       |       |       |       |       |       |    54 ||    54
       Recite            |       |       |       |       |       |       |       |       |    77 ||    77
       Donate Gold       |       |       |       |       |       |       |       |       |     4 ||     4
       Cure All Mutation |       |       |       |       |       |       |       |       |     1 ||     1
 Abil: Evoke Berserk Rag |       |     1 |       |       |       |       |       |       |       ||     1
       Fly               |       |       |       |       |     1 |       |       |       |       ||     1
       Evoke Blink       |       |       |       |       |       |       |       |       |     1 ||     1
Evoke: Wand              |       |     2 |     2 |    15 |    51 |    61 |     1 |     9 |    12 ||   153
       Fan of gales      |       |       |       |       |     1 |       |       |       |       ||     1
       Box of beasts     |       |       |       |       |       |       |       |     3 |       ||     3
       Lamp of fire      |       |       |       |       |       |       |       |       |     1 ||     1
  Use: Scroll            |       |       |    16 |    12 |    21 |    18 |     5 |    11 |    41 ||   124
       Potion            |       |       |     1 |     2 |     2 |       |     2 |    18 |    30 ||    55
 Stab: Confused          |       |       |     1 |       |     2 |       |       |       |    83 ||    86
       Distracted        |       |       |       |     1 |       |       |     1 |     2 |     5 ||     9
       Sleeping          |       |       |       |       |     2 |       |       |       |       ||     2
       Held in net/web   |       |       |       |       |       |     1 |       |       |       ||     1
       Petrifying        |       |       |       |       |       |       |     2 |       |       ||     2
       Petrified         |       |       |       |       |       |       |     1 |       |       ||     1
       Invisible         |       |       |       |       |       |       |       |     1 |    16 ||    17
       Paralysed         |       |       |       |       |       |       |       |       |     2 ||     2
  Eat: Chunk             |     2 |     4 |    13 |    10 |    27 |    29 |    25 |    14 |    30 ||   154
       Meat ration       |       |       |       |     1 |     3 |     2 |       |     4 |    17 ||    27
       Bread ration      |       |       |       |     1 |       |     1 |     2 |       |     9 ||    13
       Fruit             |       |       |       |       |       |       |       |     2 |    33 ||    35
       Royal jelly       |       |       |       |       |       |       |       |       |     7 ||     7
Armor: Scale mail        |    51 |    40 |    26 |   510 |   649 |   180 |       |       |       ||  1456
       Leather armour    |       |       |   116 |       |       |       |       |       |       ||   116
       Skin              |       |       |       |    36 |       |       |       |     1 |       ||    37
       Chain mail        |       |       |       |       |       |   661 |   621 |   562 |  2705 ||  4549
       Plate armour      |       |       |       |       |       |       |       |       |    30 ||    30
Dodge: Dodged            |    40 |    12 |    98 |   444 |   753 |   867 |   653 |   695 |  4800 ||  8362
Block: Shield            |    65 |    39 |   231 |   500 |  1221 |  1489 |  1111 |   985 |  5244 || 10885
       Reflection        |       |     1 |       |       |       |       |       |       |       ||     1
